 Dungeon Crawl Stone Soup version 0.29-a0-221-gceb61267dd (webtiles) character file.

Game seed: 1631657690599621422

22 cyrus the Shield-Bearer (level 2, 0/16 HPs)
             Began as a Vine Stalker Fighter on Feb 26, 2022.
             Succumbed to an adder's poison
             ... on level 2 of the Dungeon.
             The game lasted 00:01:58 (1391 turns).

cyrus the Shield-Bearer (Vine Stalker Fighter)      Turns: 1391, Time: 00:01:58

Health: 0/16       AC:  7    Str: 18    XL:     2   Next: 91%
Magic:  3/3        EV:  9    Int:  8    God:
Gold:   31         SH:  4    Dex: 13    Spells: 1/1 levels left

rFire   . . .      SeeInvis .   a - +0 war axe
rCold   . . .      Faith    .   c - +0 buckler
rNeg    . . .      Spirit   +   b - +0 scale mail
rPois   .          Reflect  .   h - +0 helmet
rElec   .          Harm     .   (no cloak)
rCorr   .          Rampage  .   (no gloves)
Will    .....                   (no boots)
Stlth   ..........              (no amulet)
HPRegen 0.05/turn               (no ring)
MPRegen 0.08/turn               (no ring)

@: mighty, lethally poisoned (0 -> -4)
A: fangs 2, magic shield, antimagic bite, no potion heal 2
a: no special abilities


You were on level 2 of the Dungeon.
You visited 1 branch of the dungeon, and saw 2 of its levels.

You collected 31 gold pieces.

Inventory:

Hand Weapons
 a - a +0 war axe (weapon)
Armour
 b - a +0 scale mail (worn)
 c - a +0 buckler (worn)
 h - a +0 helmet (worn)
Jewellery
 e - a ring of ice
 k - a ring of wizardry
Scrolls
 f - a scroll of teleportation {unknown}
 i - a scroll of identify {unknown}
 j - 2 scrolls of brand weapon {unknown}
Potions
 g - a potion of degeneration {unknown}


   Skills:
 + Level 2.9 Fighting
 + Level 1.9 Axes
 + Level 2.7 Armour
 + Level 0.3 Stealth
 + Level 3.0 Shields


You had one spell level left.
You didn't know any spells.
Your spell library was empty.

Dungeon Overview and Level Annotations

Branches:
Dungeon (2/15)

Altars:

Shops:
D:1 !


Innate Abilities, Weirdness & Mutations

You have extremely sharp teeth.
When hurt, damage is shared between your health and your magic reserves.
Your bite disrupts and absorbs the magic of your enemies.
Potions cannot restore your health.


Message History

You feel sick. The adder closely misses you.
You feel sick.
You feel sick.
You feel sick. The adder bites you but does no damage.
You feel sick.
You feel sick.
You feel sick.
You are no longer poisoned.
There is a stone staircase leading down here.
The adder bites you but does no damage. The adder bites you but does no damage.
You block the adder's attack.
You miss the adder. You bite the adder. You drain its power.
You feel invigorated.
The adder is heavily wounded.
The adder bites you but does no damage. x2
You closely miss the adder.
The adder is heavily wounded.
The adder bites you but does no damage. x2
You hit the adder. Your bite misses the adder.
The adder is heavily wounded.
The adder barely misses you.
You feel very mighty all of a sudden. The adder barely misses you.
You block the adder's attack.
You closely miss the adder. Your bite misses the adder.
The adder is heavily wounded.
The adder barely misses you. The adder bites you but does no damage.
You miss the adder.
The adder is heavily wounded.
You block the adder's attack.
You barely miss the adder. Your bite misses the adder.
The adder is heavily wounded.
The adder closely misses you. The adder bites you.
* * * LOW HITPOINT WARNING * * *
You are lethally poisoned!
The adder poisons you!
You miss the adder. Your bite misses the adder.
The adder is heavily wounded.
* * * LOW HITPOINT WARNING * * *
You feel sick.
The adder bites you but does no damage. x2
You die...

#. #.#.#.#.#..
#....#.#.#.#.. ##..
#..$.#.#.#
.....#!...#.#.#
##.#.#.##...#.####
.......[#...#.##.#
...#.#.......<##.#
........###...##.#
#..#..$†..#...##@#
#...#...#.#...##.#
#..<...##.#...##S##
....#........>....+
.......####.####.##
..#.##.. ..... ..#
..#. #.####.####..
. # #.# #.# #.##
#.. #.# #.#


You could see an adder.

Vanquished Creatures
  3 endoplasms
  A giant cockroach (D:1)
  3 hobgoblins
  2 quokkas (D:1)
  4 ball pythons (D:1)
  A bat (D:1)
  A frilled lizard (D:1)
  2 kobolds (D:1)
  5 rats
22 creatures vanquished.

Notes
Turn   | Place    | Note
-------+----------+-------------------------------------------
     0 | D:1      | cyrus the Vine Stalker Fighter began the quest for the Orb.
     0 | D:1      | Reached XP level 1. HP: 11/11 MP: 2/2
   304 | D:1      | Reached XP level 2. HP: 4/16 MP: 1/3
   732 | D:1      | Found Juxka's Distillery.
  1077 | D:1      | Reached skill level 3 in Shields
  1391 | D:2      | Succumbed to an adder's poison

Illustrated notes

Levels and vault maps discovered:
D:1:      mrwooster_arrival_arrow, layout_loops_ring, serial_shops,
          nicolae_shop_competitors_out_of_business
D:2:      layout_basic, shapermc_ecumenical_altar_ellora, minmay_ruptured,
          uniq_jessica, uniq_natasha

Skill      XL: |  1  2 |
---------------+-------+-----
Shields        | 3 |  3.0
Fighting       | |  2.9
Axes           | |  1.9
Armour         | |  2.7
Stealth        | |  0.3

Action                   || total
-------------------------++-------
Melee: War axe           ||    57
       Bite              ||     9
  Use: Potion            ||     1
Armor: Scale mail        ||    38
Dodge: Dodged            ||    33
Block: Buckler           ||    17

Table legend: (Time is in decaauts)
 A = Elapsed time spent in this place.
 B = Non-inter-level travel time spent in this place.
 C = Inter-level travel time spent in this place.
 D = Time resting spent in this place.
 E = Time spent auto-exploring this place.
 F = Levels seen in this place.
 G = Mean time per level.
                   A        B        C        D        E       F      G
               +--------+--------+--------+--------+--------+-----+--------+
         Total |   1415 |   1364 |     51 |    377 |    748 |   2 |  707.5 |
       Dungeon |   1415 |   1364 |     51 |    377 |    748 |   2 |  707.5 |
               +--------+--------+--------+--------+--------+-----+--------+

Top non-repeatable levels by time:
     D:1: 1306 daAuts
     D:2: 108 daAuts
